← All builds
Beach sea / Cortex / Economy first / OBSERVED BUILD

Standard beach sea

The role's usual play: com goes to sea to build a shipyard around 2 minutes, pumping frigates and destroyers to contest enemy sea entry or hold vision, with an advanced metal extractor around 10 minutes as the transition into the team's…

Usually shipyard first (94%)

#naval #eco · 729 distinct matches · 102 players · 84% of Cortex Beach sea games · team won 55% of 789 · Recently observed

HOW TO PLAY IT

Key timing: Shipyard by 1:57

  1. Open 3 mex and wind while com heads straight to sea.
  2. Drop Shipyard fast, before 2:00, to seize early sea presence.
  3. Push "frigate" out to contest enemy sea entry or hold vision.
  4. Add "destroyer" as the fleet grows.
  5. Transition into Advanced Metal Extractor to catch up on eco.

Phase by phase

TYPICAL OF ITS 729 GAMES
  1. 1
  2. 2
  3. 3
PLAY THE OPENING

Follow the example game's first 6:00 step by step: what to build now, what comes next, and where it goes. At 1× it keeps pace with your own game.

  1. 1

    Up to the Shipyard

    Economy
    • Metal Extractor3Mex
    • Wind Turbine3Windfor allies
    • Wind Turbine2Wind
    • Energy Storage1Energy storage
    Order
    1. ShipyardShipyard after 3 mex, 2 wind, 1 energy storagedone ~1:57, middle half 1:45–2:08

    By 1:41 in all: 3 mex · 2 wind · 1 energy storage

    The example game in this phase · 3 steps
    1. Mex ×3
    2. Wind ×8for Geo
    3. ShipyardShipyarddone 1:57 · typical 1:57
  2. 2

    Shipyard to 5:00

    Economy
    • Metal Extractor5Mex
    • Tidal Generator1Tidal
    Builders
    • Construction Ship2 Con ship
    Army
    • Riptide2 Frigate
    • Herring1 Missile corvette
    • Oppressor1 Destroyer
    Other
    • Naval Radar / Sonar Tower1 Naval Radar / Sonar Tower

    Some games also: Urchin (42%) · wind (41%) · submarine (40%) · con turret (35%) · gunboat (34%)

    By 5:00 in all: 8 mex · 3 wind · 2 tidal · 1 energy storage

    The example game in this phase · 27 steps
    1. Tidal
    2. Construction ShipCon ship
    3. Tidal ×2
    4. Mex
    5. Construction ShipCon ship
    6. Tidal ×2
    7. Mex
    8. HerringMissile corvette
    9. Naval Construction Turret
    10. RiptideFrigatedone 3:25 · typical 3:51
    11. Mex
    12. Con turret
    13. SupporterGunboat
    14. Death CavalryDeath Cavalry
    15. SupporterGunboat
    16. Mex ×3
    17. OppressorDestroyerdone 5:08 · typical 5:09
    18. Naval Energy Converter
    19. Wind
    20. GuardGuard
    21. Wind ×2
    22. GuardGuard
    23. Naval Energy Converter
    24. Naval Radar / Sonar TowerNaval Radar / Sonar Tower
    25. Wind
    26. GuardGuard
    27. Wind
  3. 3

    5:00 to 10:00

    Economy
    • Metal Extractor1Mex
    • Wind Turbine10Wind
    Builders
    • Death Cavalry1 Death Cavalry
    • Construction Ship1 Con ship
    Army
    • Riptide5 Frigate
    • Oppressor2 Destroyer
    • Herring2 Missile corvette
    Other
    • Naval Radar / Sonar Tower1 Naval Radar / Sonar Tower

    Some games also: Urchin (50%) · Naval Construction Turret (47%) · Guard (47%) · Radar Tower (41%) · tidal (38%)

    By 10:00 in all: 9 mex · 12 wind · 4 wind · 4 tidal · 1 energy storage · 1 Naval Construction Turret

    The example game in this phase · 115 steps
    1. RiptideFrigate
    2. Wind
    3. Radar TowerRadar Tower
    4. Converter
    5. Naval Energy Converter
    6. Wind
    7. HerringMissile corvette
    8. Wind ×2
    9. OppressorDestroyer
    10. Mex
    11. Wind ×14
    12. RiptideFrigate
    13. Wind
    14. HerringMissile corvette
    15. Wind
    16. OppressorDestroyer
    17. Wind
    18. Con turret
    19. Mex
    20. Radar TowerRadar Tower
    21. Con turret
    22. Mex
    23. Con turret
    24. GuardGuard ×2
    25. Wind ×5
    26. Naval Construction Turret
    27. Metal storage
    28. Wind ×2
    29. Naval Energy Converter
    30. Wind ×2
    31. Naval Energy Converter
    32. Wind
    33. Advanced Metal ExtractorT2 mexdone 9:18 · typical 9:57
    34. Naval Energy Converter
    35. Wind
    36. Naval Energy Converter ×2
    37. Wind
    38. Naval Energy Converter
    39. Wind
    40. Naval Energy Converter
    41. Advanced Metal ExtractorT2 mex
    42. Con turret
    43. Advanced Metal ExtractorT2 mex
    44. Naval Construction Turret
    45. Aircraft PlantAircraft Plantdone 10:28
    46. Naval Hovercraft PlatformNaval Hovercraft Platformdone 10:54
    47. Tidal ×5
    48. Advanced Metal ExtractorT2 mex
    49. Tidal
    50. HerculesLight transport
    51. Tidal
    52. Wind
    53. Tidal
    54. HerculesLight transport
    55. Naval Radar / Sonar TowerNaval Radar / Sonar Tower
    56. Wind
    57. Tidal
    58. UrchinUrchin
    59. ValiantValiant
    60. Wind ×3
    61. ValiantValiant
    62. Tidal
    63. Wind
    64. ValiantValiant
    65. Wind ×2
    66. ValiantValiant
    67. Tidal
    68. Advanced Metal ExtractorT2 mex
    69. Tidal
    70. Wind
    71. MangonelHover rocket bot
    72. ValiantValiant
    73. Tidal ×2
    74. ValiantValiant
    75. Wind
    76. MangonelHover rocket bot
    77. ValiantValiant
    78. MangonelHover rocket bot
    79. Naval Radar / Sonar TowerNaval Radar / Sonar Tower
    80. Wind
    81. ValiantValiant
    82. Advanced Metal ExtractorT2 mex
    83. Wind
    84. MangonelHover rocket bot
    85. Wind ×2
    86. MangonelHover rocket bot
    87. Wind
    88. Advanced ShipyardAdvanced Shipyarddone 12:53
    89. GoonGoon
    90. Wind ×2
    91. GoonGoon
    92. Wind ×2
    93. GoonGoon
    94. Wind ×2
    95. GoonGoon
    96. PhantasmRadar jammer ship
    97. Wind
    98. GoonGoon
    99. Wind
    100. MessengerCruise missile shipdone 13:33
    101. BasilicaBasilicanot finished by 15:00
    102. Wind ×4
    103. MessengerCruise missile ship
    104. Wind ×5
    105. MessengerCruise missile ship
    106. Wind ×2
    107. Naval Energy Converter
    108. Wind ×4
    109. Naval Energy Converter
    110. Wind ×2
    111. Naval Energy Converter
    112. Wind
    113. Naval Energy Converter
    114. Wind
    115. Naval Energy Converter ×4

Counts are medians over the build's games: half of them build more, half fewer. The example game is WaterBoy's (37 OS, 23/09/2026); pick another.

Team trades

IN AT LEAST 30% OF ITS GAMES

You hand over

  • Wind Turbine3 Wind to Airfirst at 1:54 · in 79% of games

You get

  • Finch1 Finch from Airfirst at 1:58 · in 81% of games
  • Lazarus1 Lazarus from Geofirst at 2:14 · in 62% of games
  • Hephaestus1 Heavy transport from Airfirst at 2:16 · in 68% of games
  • Construction Bot1 Con bot from Geofirst at 2:29 · in 69% of games
  • Hercules1 Light transport from Airfirst at 2:35 · in 31% of games
  • Advanced Construction Bot1 T2 con bot from Techfirst at 8:09 · in 88% of games

How it plays out

Typical game of this build, running totals by minute

Metal produced

010k20k30k
0:005:0010:0015:00

metal

Enemy metal destroyed

05k10k
0:005:0010:0015:00

metal

Own metal lost

02.5k5k7.5k
0:005:0010:0015:00

metal

789 games.

Show as table
ByMetal produced: This buildEnemy metal destroyed: This buildOwn metal lost: This build
1:0040300
2:0093700
3:00156300
4:002522050
5:003699194100
6:005026532250
7:0064731100588
8:00808018571041
9:00968328851621
10:001160240232345
11:001382252273090
12:001635262003851
13:001911172574621
14:002186583045721
15:002487692656531
WHAT THE NUMBERS SAY

Standard Beach sea wins more than Geo sea's 50% and gets its Shipyard up faster, using early sea access before falling behind on land resources.

  • + Shipyard finishes by 1:57, faster than Geo sea's 3:18
  • + 54% team win rate beats the Cortex geo sea baseline
  • − Metal produced trails Geo sea's Cortex build, 24356 vs 28451 by 15:00
  • − T2 factory only lands in 35% of games by 12:42
THE EXAMPLE YOU ARE READING

WaterBoy

36.9 OS · 23/09/2026

Open source match ↗

18 received units · includes a constructor
519 metal received · 27861 energy received

Allied construction assistance is unknown. Timings are observations, not a promise of solo reproducibility.

Typical milestones

Shipyard1:57Middle 50%: 1:45–2:08 · n=787
Riptide3:51Middle 50%: 3:15–4:31 · n=782
Oppressor5:09Middle 50%: 4:11–6:07 · n=764
Advanced Metal Extractor9:57Middle 50%: 9:15–10:53 · n=667

Played most by

EpicTyrannus68games of this buildDamsko64games of this buildWaboum64games of this buildPRO_HYDRA54games of this buildMrCoolPotato51games of this build